 Dungeon Crawl Stone Soup version 0.29-a0-617-g7a6b98fccd (webtiles) character file.

Game seed: 10916150774476513725

163 YayAnonymity the Shield-Bearer (level 5, -7/38 (42) HPs)
             Began as a Formicid Fighter on June 17, 2022.
             Mangled by an ogre
             ... wielding a +0 giant club
              (13 damage)
             ... on level 3 of the Dungeon.
             The game lasted 00:03:25 (2448 turns).

YayAnonymity the Shield-Bearer (Formicid Fighter)   Turns: 2448, Time: 00:03:25

HP:   -7/38 (42)    AC:  9    Str: 22    XL:     5   Next: 73%
MP:   2/5           EV:  8    Int:  8    God:
Gold: 96            SH:  5    Dex: 13    Spells: 4/4 levels left

rFire   . . .      SeeInvis +   a - +0 war axe
rCold   . . .      Faith    .   c - +0 buckler
rNeg    . . .      Spirit   .   n - +0 chain mail
rPois   .          Reflect  .   (helmet unavailable)
rElec   .          Harm     .   (no cloak)
rCorr   .          Rampage  .   (no gloves)
Will    .....                   (no boots)
Stlth   ..........              (no amulet)
HPRegen 0.12/turn               (no ring)
MPRegen 0.09/turn               (no ring)

@: drained
A: permanent stasis, dig shafts and tunnels, antennae 3, four strong arms
a: Dig, Shaft Self


You were on level 3 of the Dungeon.
You visited 1 branch of the dungeon, and saw 3 of its levels.

You collected 96 gold pieces.

Inventory:

Hand Weapons
 a - a +0 war axe (weapon)
Missiles
 m - 8 poisoned darts
Armour
 c - a +0 buckler (worn)
 n - a +0 chain mail (worn)
Scrolls
 b - a scroll of fear {unknown}
 f - 2 scrolls of teleportation {unknown}
 g - 2 scrolls of identify {unknown}
 j - 2 scrolls of enchant armour {unknown}
 o - a scroll of amnesia {unknown}
 p - a scroll of vulnerability {unknown}
Potions
 d - a potion of might
 e - a potion of degeneration {unknown}
 h - 2 potions of cancellation {unknown}
 i - a potion of curing {unknown}
 k - a potion of ambrosia {unknown}
 l - 2 potions of heal wounds {unknown}


   Skills:
 + Level 4.0 Fighting
 * Level 3.5 Axes
 + Level 4.0 Armour
 + Level 1.5 Dodging
 + Level 4.7 Shields


You had 4 spell levels left.
You didn't know any spells.
Your spell library contained the following spells:

 Spells                   Type           Power      Damage    Failure   Level
 Ensorcelled Hibernation  Hex/Ice        0%         N/A       100%        2
 Passwall                 Tmut/Erth      0%         N/A       100%        2
 Conjure Flame            Conj/Fire      0%         6-21      100%        3
 Ignite Poison            Fire/Tmut/Pois 0%         N/A       100%        3
 Sticky Flame             Conj/Fire      0%         2d3       100%        4
 Freezing Cloud           Conj/Ice/Air   0%         6-21      100%        5
 Simulacrum               Ice/Necr       0%         N/A       100%        6
 Polar Vortex             Ice            0%         N/A       100%        9
 Swiftness                Air            Unusable   N/A       N/A         3

Dungeon Overview and Level Annotations

Branches:
Dungeon (3/15)

Altars:


Innate Abilities, Weirdness & Mutations

You cannot be hasted, slowed, berserked, paralysed or teleported.
You can dig through walls and to a lower floor.
You have a pair of large antennae on your head. (SInv)
Your four strong arms can wield two-handed weapons with a shield.


Message History

You hit the rat but do no damage. The rat barely misses you.
You hit the rat.
The rat is moderately wounded.
The rat bites you but does no damage. x2
The rat attacks as you move away! The rat bites you but does no damage.
You slash the rat!
You kill the rat!
Things that are here:
a +0 club; a +0 hunting sling; a goblin skeleton You hear the rapid rusting of a very distant drain.
Things that are here:
a +0 flail; a +0 chain mail You hear the rapid rusting of a distant drain.
You sense a monster nearby.
You hear the rapid rusting of a drain nearby.
You hear the drain falling apart.
The walls and floor vibrate strangely for a moment.
You see here a +0 club.
An ogre comes into view. It is wielding a +0 giant club.
You see here 13 gold pieces.
A kobold comes into view.
It is wielding a +2 antimagic short sword.
The kobold hits you but does no damage. The ogre barely misses you.
The kobold hits you with a +2 antimagic short sword!
You feel your power leaking away.
You completely miss the ogre. You closely miss the kobold.
You block the kobold's attack.
The ogre hits you with a +0 giant club!!
Ouch! That really hurt!
* * * LOW HITPOINT WARNING * * *
The kobold hits you with a +2 antimagic short sword.
* * * LOW HITPOINT WARNING * * *
You feel your power leaking away.
You are too injured to fight recklessly!
You are too injured to fight recklessly!
You barely miss the ogre. You closely miss the kobold.
The kobold hits you but does no damage. You block the ogre's attack.
You hit the ogre but do no damage. You closely miss the kobold.
The kobold hits you but does no damage. The ogre hits you with a +0 giant club!
You die...

####..## #
#######..###### #
#.............# #
#.#####..####.# #
#.# #..# #.# #.#
#..# #.# #.# #..#
#.# ##.#####..# #.#
#.@..$....####.####
#OK######).........
.....# ######.####
####..# #.# #. ####
#.# #.
###########.# #.
#...........# #.
{#..........## #.
##########.# #.


You could see an ogre and a kobold.

Vanquished Creatures
  An orc priest (D:3)
  4 gnolls (D:3)
  3 adders (D:2)
  A worm (D:2)
  2 dart slugs
  5 orcs (D:3)
  2 ball pythons
  6 bats
  5 endoplasms
  5 giant cockroaches
  8 goblins
  2 jackals (D:2)
  2 quokkas
  5 kobolds
  6 rats
57 creatures vanquished.

Notes
Turn   | Place    | Note
-------+----------+-------------------------------------------
     0 | D:1      | YayAnonymity the Formicid Fighter began the quest for the
                  | Orb.
     0 | D:1      | Reached XP level 1. HP: 18/18 MP: 1/1
    88 | D:1      | Reached XP level 2. HP: 24/24 MP: 2/2
   704 | D:2      | Reached XP level 3. HP: 18/29 MP: 3/3
   947 | D:2      | Found a faded altar of an unknown god.
  1313 | D:2      | Reached skill level 1 in Dodging
  1325 | D:2      | Reached XP level 4. HP: 37/37 MP: 4/4
  2058 | D:3      | Reached XP level 5. HP: 18/42 MP: 5/5
  2442 | D:3      | Noticed an ogre
  2448 | D:3      | Mangled by an ogre

Illustrated notes

Levels and vault maps discovered:
D:1:      dpeg_arrival_connections, layout_basic, serial_curves, eino_curves_03,
          eino_curves_03
D:2:      layout_basic, nicolae_ecumenical_lake_church, minmay_misc_feat_x,
          solitary_fountain, uniq_natasha
D:3:      minmay_angry_zag, layout_loops_ring, slow_altar_2,
          portal_sewer_entry_e, wander_ebering_terrifying_dragon_lair

Skill      XL: |  1  2  3  4  5 |
---------------+----------------+-----
Dodging        | 1 |  1.5
Axes           | 3 |  3.5
Fighting       | 4 |  4.0
Armour         | 4 |  4.0
Shields        | |  4.7

Action                   |  1- 3 |  4- 6 || total
-------------------------+-------+-------++-------
Melee: War axe           |    81 |    95 ||   176
 Abil: Dig               |       |     2 ||     2
Armor: Scale mail        |    34 |    16 ||    50
       Chain mail        |       |    22 ||    22
Dodge: Dodged            |    40 |    37 ||    77
Block: Buckler           |    29 |    29 ||    58

Table legend: (Time is in decaauts)
 A = Elapsed time spent in this place.
 B = Non-inter-level travel time spent in this place.
 C = Inter-level travel time spent in this place.
 D = Time resting spent in this place.
 E = Time spent auto-exploring this place.
 F = Levels seen in this place.
 G = Mean time per level.
                   A        B        C        D        E       F      G
               +--------+--------+--------+--------+--------+-----+--------+
         Total |   2518 |   2477 |     41 |    111 |   1625 |   3 |  839.3 |
       Dungeon |   2518 |   2477 |     41 |    111 |   1625 |   3 |  839.3 |
               +--------+--------+--------+--------+--------+-----+--------+

Top non-repeatable levels by time:
     D:2: 1240 daAuts
     D:3: 687 daAuts
     D:1: 590 daAuts
